 Dungeon Crawl Stone Soup version 0.31-a0-489-g282fc92437 (webtiles) character file.

Game seed: 5420284471690740805

693 Ethylacetat the Chopper (level 7, -2/38 HPs)
             Began as a Vine Stalker Monk on Aug 8, 2023.
             Slain by an ice beast (5 damage)
             ... on level 5 of the Dungeon.
             The game lasted 00:04:06 (3721 turns).

Ethylacetat the Chopper (Vine Stalker Monk)         Turns: 3721, Time: 00:04:07

Health: -2/38      AC:  5    Str: 16    XL:     7   Next: 64%
Magic:  0/22       EV: 12    Int: 10    God:
Gold:   251        SH:  0    Dex: 16    Spells: 13/13 levels left

rFire   . . .        a - +0 hand axe
rCold   . . .        d - orb {light}
rNeg    . . .        b - +0 robe
rPois   .            (no helmet)
rElec   .            n - +2 cloak
rCorr   .            (no gloves)
SInv    .            (no boots)
Will    +....        (no amulet)
Stlth   +            t - ring of magical power
HPRegen 1.06/turn    l - ring of willpower
MPRegen 0.18/turn

%: guardian spirit
@: confused, ambrosia-drunk, glowing
A: fangs 2, regeneration 1, magic shield, antimagic bite, no potion heal 2
a: no special abilities


You were on level 5 of the Dungeon.
You visited 1 branch of the dungeon, and saw 6 of its levels.

You collected 251 gold pieces.

Inventory:

Hand Weapons
 a - a +0 hand axe (weapon)
 f - a +1 sling of flaming
Armour
 b - a +0 robe (worn)
 d - an orb of light (worn)
 n - a +2 cloak (worn)
Jewellery
 l - a ring of willpower (right hand)
 t - a ring of magical power (left hand)
 y - a +5 ring of evasion
Talismans
 A - a serpent talisman
Scrolls
 e - 2 scrolls of summoning {unknown}
 g - 2 scrolls of vulnerability {unknown}
 k - 3 scrolls of fear {unknown}
 o - 3 scrolls of identify {unknown}
 s - a scroll of revelation {unknown}
 u - a scroll of enchant armour {unknown}
 v - 2 scrolls of teleportation {unknown}
 w - a scroll of blinking {unknown}
 x - a scroll of noise {unknown}
Potions
 h - 4 potions of enlightenment {unknown}
 i - a potion of brilliance {unknown}
 j - 2 potions of heal wounds {unknown}
 m - a potion of might {unknown}
 p - a potion of attraction {unknown}
 q - 3 potions of degeneration {unknown}
 r - a potion of resistance {unknown}
 z - a potion of curing {unknown}


   Skills:
 + Level 4.4 Fighting
 + Level 5.4 Axes
 - Level 2.4 Dodging
 + Level 3.6 Spellcasting
 * Level 2.2 Shapeshifting


You had 13 spell levels left.
You didn't know any spells.
Your spell library contained the following spells:

 Spells                   Type           Power      Damage    Failure   Level
 Ozocubu's Armour         Ice            1%         N/A       63%         3
 Metabolic Englaciation   Hex/Ice        0%         N/A       100%        5
 Simulacrum               Ice/Necr       0%         N/A       100%        6


Dungeon Overview and Level Annotations

Branches:
Dungeon (6/15)
 Temple: D:4-7

Altars:
Cheibriados
Elyvilon
Uskayaw
Wu Jian


Innate Abilities, Weirdness & Mutations

You have extremely sharp teeth.
Your natural rate of healing is unusually fast.
When hurt, damage is shared between your health and your magic reserves.
Your bite disrupts and absorbs the magic of your enemies.
Potions cannot restore your health.


Message History

You bite the ice beast, but do no damage.
The ice beast is heavily wounded.
You hit the iguana.
The iguana bites you but does no damage.
The ice beast barely misses you.
Unknown command.
You hit the ice beast.
You bite the ice beast, but do no damage.
The ice beast is almost dead.
You hit the iguana. The iguana bites you!
* * * LOW HITPOINT WARNING * * *
The ice beast hits you.
* * * LOW HITPOINT WARNING * * *
The ice beast freezes you!
* * * LOW HITPOINT WARNING * * *
You are confused.
Your system rejects the healing.
You feel invigorated. The iguana misses you.
The ice beast completely misses you. The iguana bites you.
* * * LOW HITPOINT WARNING * * *
The ice beast closely misses you.
Things that are here:
a +0 spear; a gnoll corpse The iguana bites you.
* * * LOW HITPOINT WARNING * * *
Things that are here:
a +0 spear; a gnoll corpse You hit the iguana but do no damage.
The iguana is moderately wounded.
You closely miss the ice beast. The iguana bites you!
* * * LOW HITPOINT WARNING * * *
The ice beast closely misses you. The iguana bites you.
The ice beast hits you but does no damage.
The iguana attacks as you move away! The iguana misses you.
The ice beast barely misses you.
You're too confused to move!
The iguana bites you!
* * * LOW HITPOINT WARNING * * *
The ice beast hits you. The ice beast freezes you!
You die...

####### #.........# ......#
###.......# ......# #.......#
......# #.......# ......#
#.......####### ......#
#..............
......#################.#########
.................[># #.#
......#.#######.@Y)# #.#
..)...#.# #..l)# #.# #.#####.#
#....# #.# #...###.# #....# #.#
###..##.#######....# #.#
##....##.........# #.# ##
###..##......##.# #.# .#
#..##......##.# #.# .#
##.##......##.# #.#


You could see an ice beast and an iguana.

Vanquished Creatures
  A centaur (D:5)
  2 scorpions
  2 jellies
  2 hounds (D:4)
  A gnoll bouda (D:5)
  2 sleepcaps
  An iguana (D:5)
  3 orc wizards (D:3)
  3 gnolls (D:5)
  4 adders
  A shadow imp (D:5)
  2 ufetubi (D:5)
  A worm (D:2)
  A dart slug (D:2)
  11 orcs
  7 bats
  8 endoplasms
  2 giant cockroaches
  5 goblins
  12 hobgoblins
  9 jackals
  4 quokkas
  5 ball pythons
  3 frilled lizards
  13 kobolds
  3 rats
108 creatures vanquished.

Notes
Turn   | Place    | Note
-------+----------+-------------------------------------------
     0 | D:1      | Ethylacetat the Vine Stalker Monk began the quest for the
                  | Orb.
     0 | D:1      | Reached XP level 1. HP: 11/11 MP: 2/2
   164 | D:1      | Reached skill level 3 in Axes
   164 | D:1      | Reached XP level 2. HP: 16/16 MP: 3/3
   449 | D:1      | Reached skill level 1 in Spellcasting
   603 | D:2      | Reached XP level 3. HP: 20/20 MP: 5/5
   850 | D:2      | Gained mutation: Your natural rate of healing is unusually
                  | fast. [Vine Stalker growth]
   850 | D:2      | Reached XP level 4. HP: 23/24 MP: 7/7
  1104 | D:3      | Reached skill level 4 in Axes
  1104 | D:3      | Reached XP level 5. HP: 24/28 MP: 5/9
  1922 | D:4      | Found a white marble altar of Elyvilon.
  1969 | D:4      | Found a hide-covered altar of Uskayaw.
  2059 | D:4      | Reached XP level 6. HP: 28/33 MP: 10/10
  2214 | D:4      | Reached skill level 5 in Axes
  2742 | D:5      | Entered Level 5 of the Dungeon
  2764 | D:5      | Found an ornate altar of the Wu Jian Council.
  2840 | D:5      | Found a snail-covered altar of Cheibriados.
  2906 | D:5      | Reached skill level 1 in Shapeshifting
  2906 | D:5      | Reached XP level 7. HP: 37/37 MP: 12/12
  3714 | D:5      | HP: 1/38 [ice beast (7)]
  3721 | D:5      | Slain by an ice beast

Illustrated notes

Levels and vault maps discovered:
D:1:      elethiomel_arrival_infinity_welcomes_careful_drivers, layout_rooms
D:2:      layout_basic
D:3:      layout_basic
D:4:      minmay_inner_zag, layout_basic, lemuel_tele_altar,
          mainiacjoe_overflow_six_doors_small, minmay_misc_feat_columns,
          minmay_door_square, wad_floor_pattern_untrapped
D:5:      layout_basic, mainiacjoe_overflow_large_starburst,
          chequers_serial_rivers_micro_b, grunt_ministairs_15
D:6:      layout_gridville, minmay_temple_entry_ruins, serial_shops,
          shop_statue, uniq_maggie, uniq_menkaure

Skill      XL: |  1  2  3  4  5  6  7 |
---------------+----------------------+-----
Axes           | 3 4 5 |  5.4
Spellcasting   | 1 2 3 |  3.6
Fighting       | 3 4 |  4.4
Shapeshifting  | 1 2 |  2.2
Dodging        | |  2.4

Action                     |  1- 3 |  4- 6 |  7- 9 || total
---------------------------+-------+-------+-------++-------
  Melee: Hand axe          |     4 |       |    25 ||    29
         Bite              |     1 |       |    15 ||    16
   Fire: Sling             |    82 |   184 |    30 ||   296
    Use: Potion            |       |       |     1 ||     1
 Armour: Robe              |    10 |    34 |    11 ||    55
  Dodge: Dodged            |    23 |    68 |    68 ||   159

Table legend: (Time is in decaauts)
 A = Elapsed time spent in this place.
 B = Non-inter-level travel time spent in this place.
 C = Inter-level travel time spent in this place.
 D = Time resting spent in this place.
 E = Time spent auto-exploring this place.
 F = Levels seen in this place.
 G = Mean time per level.
                   A        B        C        D        E       F      G
               +--------+--------+--------+--------+--------+-----+--------+
         Total |   3839 |   3623 |    216 |     32 |   2926 |   6 |  639.8 |
       Dungeon |   3839 |   3623 |    216 |     32 |   2926 |   6 |  639.8 |
               +--------+--------+--------+--------+--------+-----+--------+

Top non-repeatable levels by time:
     D:5: 993 daAuts
     D:3: 864 daAuts
     D:4: 861 daAuts
     D:1: 575 daAuts
     D:2: 537 daAuts
     D:6: 7 daAuts
